 Dungeon Crawl Stone Soup version 0.14-a0-788-g14b720c (webtiles) character file.

134 JacquesDerrida the Chiller (level 3, -2/26 HPs)
             Began as a Demigod Ice Elementalist on Nov 10, 2013.
             Killed from afar by a hobgoblin (12 damage)
             ... with a wand of frost
             ... on Level 3 of the Dungeon.
             The game lasted 00:04:08 (1425 turns).

JacquesDerrida the Chiller (DgIE)                   Turns: 1425, Time: 00:04:08

HP  -2/26        AC  3     Str 11      XL: 3   Next: 83%
MP   8/8         EV 12     Int 21      God:
Gold 61          SH  0     Dex 16      Spells:  2 memorised,  0 levels left

Res.Fire  : . . .   See Invis. : .   t - +2,+0 dagger
Res.Cold  : . . .   Warding    : .   a - +0 robe
Life Prot.: . . .   Conserve   : .   (no shield)
Res.Poison: .       Res.Corr.  : .   (no helmet)
Res.Elec. : .       Clarity    : .   (no cloak)
Sust.Abil.: . .     Spirit.Shd : .   (no gloves)
Res.Mut.  : .       Stasis     : .   i - +0 pair of boots
Res.Rott. : .       Flight     : .   (no amulet)
Saprovore : . . .                    (no ring)
                                     (no ring)

@: slightly resistant to hostile enchantments, fairly stealthy
A: no striking features
a: no special abilities


You were on level 3 of the Dungeon.
You were not hungry.

You visited 1 branch of the dungeon, and saw 3 of its levels.

You collected 61 gold pieces.

Inventory:

Hand weapons
 t - a +2,+0 dagger (weapon)
Armour
 a - a +0 robe (worn)
 g - a +0 orcish buckler
 i - a +0 pair of boots (worn)
Comestibles
 c - a bread ration
 f - a choko
 r - a meat ration
 w - a chunk of worm flesh
Scrolls
 e - a scroll of enchant armour {unknown}
 h - 2 scrolls of amnesia {unknown}
 k - a scroll of random uselessness {unknown}
 l - a scroll of noise {unknown}
 m - a scroll of magic mapping {unknown}
 n - a scroll of curse armour {unknown}
 p - 2 scrolls of blinking {unknown}
 q - a scroll of curse jewellery {unknown}
 u - a scroll of teleportation {unknown}
 v - a scroll of identify {unknown}
 x - a scroll of curse weapon {unknown}
Jewellery
 y - an uncursed amulet of rage {unknown}
Potions
 d - a potion of paralysis {unknown}
 j - 3 potions of brilliance {unknown}
 o - 2 potions of might {unknown}
 s - a potion of magic {unknown}
Books
 b - a book of Frost

   Spells                             Type                      Level
   *Freeze                            Ice                          1
   Throw Frost                        Conjuration/Ice              2
   *Ozocubu's Armour                  Charms/Ice                   3
   Throw Icicle                       Conjuration/Ice              4
   Summon Ice Beast                   Ice/Summoning                4
   Condensation Shield                Ice                          4


   Skills:
 - Level 1.7 Dodging
 - Level 1.7 Stealth
 - Level 1.0 Spellcasting
   Level 0.8 Conjurations
 + Level 4.5 Ice Magic


You couldn't memorise any spells.
You knew the following spells:

 Your Spells              Type           Power        Failure   Level  Hunger
a - Freeze                Ice            ###.         2%          1    ##.....
b - Ozocubu's Armour      Chrm/Ice       ##........   21%         3    ####...


Dungeon Overview and Level Annotations

Branches:
Dungeon (3/27)

Annotations:
D:2 Sigmund


Message History

Where to? (Enter - D:3, ? - help) Magic restored.
You see here a rotting rat corpse.
There is a stone staircase leading down here.
You climb downwards.
A hobgoblin comes into view.
The hobgoblin shouts!
Found a large jasper amulet, a bread ration, a short sword and an elven dagger.
Found a stone staircase leading up.
There is a stone staircase leading up here.
Found a radiant altar of Vehumet.
The hobgoblin zaps a wand.
The puff of frost hits you!
Found 22 stones.
You see here a large jasper amulet.
y - a large jasper amulet The hobgoblin zaps a wand.
The puff of frost hits you!
The hobgoblin zaps a wand.
The puff of frost misses you.
There is a stone staircase leading up here.
The hobgoblin zaps a wand.
The puff of frost hits you!
You die...

#.#.. #.#.#
#.... #..<#
#...#
#####...####
#..........#
#%####...#....#
#..)..@..# #.#
##...#...#
#............
#.##...#g..#.#
# #.........#
#.#._.#.#.#
........#. .
..#.... . )


You could see a hobgoblin.

Vanquished Creatures
  A gnoll (D:1)
  2 adders (D:2)
  2 worms (D:2)
  A giant gecko (D:2)
  3 bats
  2 giant cockroaches
  6 hobgoblins
  A jackal (D:2)
  A ball python (D:1)
  3 giant newts (D:1)
  3 goblins
  4 kobolds
  6 rats
35 creatures vanquished.

Notes
Turn   | Place    | Note
--------------------------------------------------------------
     0 | D:1      | JacquesDerrida, the Demigod Ice Elementalist, began the quest for the Orb.
     0 | D:1      | Reached XP level 1. HP: 14/14 MP: 5/5
     2 | D:1      | Noticed a demigod
     2 | D:1      | Noticed a draconian
     4 | D:1      | Noticed a spriggan
     4 | D:1      | Noticed a minotaur
     6 | D:1      | Noticed a human
     8 | D:1      | Noticed an ogre
     8 | D:1      | Noticed a dwarf
    10 | D:1      | Noticed a demonspawn
    10 | D:1      | Noticed a troll
    12 | D:1      | Noticed a merfolk
    12 | D:1      | Noticed a vampire
    14 | D:1      | Noticed an octopode
    14 | D:1      | Noticed a tengu
    16 | D:1      | Noticed a naga
    18 | D:1      | Noticed a felid
    18 | D:1      | Noticed a centaur
    20 | D:1      | Noticed a ghoul
    20 | D:1      | Noticed an elf
   143 | D:1      | Reached skill level 3 in Ice Magic
   264 | D:1      | Reached XP level 2. HP: 14/20 MP: 2/6
   817 | D:2      | Reached skill level 4 in Ice Magic
   817 | D:2      | Reached XP level 3. HP: 23/26 MP: 2/8
   997 | D:2      | Found a white marble altar of Elyvilon.
  1047 | D:2      | Noticed Sigmund
  1183 | D:2      | Learned a level 3 spell: Ozocubu's Armour
  1420 | D:3      | Found a radiant altar of Vehumet.
  1425 | D:3      | Killed from afar by a hobgoblin

Action                   || total
-------------------------++-------
Melee: Unarmed           ||     6
       Dagger            ||     3
 Cast: Freeze            ||    73
